 Dungeon Crawl Stone Soup version 0.28.0-43-g3370ac3207 (webtiles) character file.

Game seed: 7051593109948998674

5 NoSkeletonsAllowed the Cutter (level 1, -2/14 HPs)
             Began as a Kobold Berserker on Mar 2, 2022.
             Was a Follower of Trog.
             Slain by a kobold
             ... wielding a +0 short sword
              (4 damage)
             ... on level 2 of the Dungeon.
             The game lasted 00:06:35 (634 turns).

NoSkeletonsAllowed the Cutter (Kobold Berserker)     Turns: 634, Time: 00:06:36

Health: -2/14      AC:  3    Str: 14    XL:     1   Next: 88%
Magic:  1/1        EV: 14    Int:  8    God:    Trog [*.....]
Gold:   38         SH:  0    Dex: 14    Spells: 0/0 levels left

rFire   . . .      SeeInvis .   a - +0 short sword
rCold   . . .      Faith    .   (no shield)
rNeg    . . .      Spirit   .   b - +0 animal skin
rPois   .          Reflect  .   (no helmet)
rElec   .          Harm     .   (no cloak)
rCorr   .          Rampage  .   (no gloves)
Will    .....                   f - +0 pair of boots
Stlth   ++........              (no amulet)
HPRegen 0.04/turn               (no ring)
MPRegen 0.07/turn               (no ring)

@: no status effects
A: small, no large weapons, nightstalker 3
a: Renounce Religion, Berserk


You were on level 2 of the Dungeon.
You worshipped Trog.
Trog was aware of your devotion.
You visited 1 branch of the dungeon, and saw 2 of its levels.

You collected 38 gold pieces.

Inventory:

Hand Weapons
 a - a +0 short sword (weapon)
 d - a +0 short sword
Missiles
 c - 27 stones (quivered)
Armour
 b - a +0 animal skin (worn)
 f - a +0 pair of boots (worn)
Potions
 e - a potion of flight {unknown}


   Skills:
 + Level 3.4 Fighting
 + Level 4.3 Short Blades
 + Level 1.5 Armour
 + Level 2.4 Dodging


You couldn't memorise any spells.
You didn't know any spells.
Your spell library was empty.

Dungeon Overview and Level Annotations

Branches:
Dungeon (2/15)

Altars:


Innate Abilities, Weirdness & Mutations

You are small and have problems with some larger weapons.
You are completely attuned to the shadows.


Message History

You throw a stone. The stone hits the kobold.
The kobold is moderately wounded.
Throw: 28 stones
Press: ? - help, Q - select action Shift-Dir - straight line, f/p - kobold
Aim: a kobold, wielding a +0 short sword (moderately wounded, 51% to hit)
You throw a stone. The stone misses the kobold.
A hobgoblin comes into view.
You closely miss the kobold.
The kobold is moderately wounded.
The kobold hits you with a +0 short sword.
The hobgoblin shouts!
You hit the kobold but do no damage.
The kobold is moderately wounded.
The kobold hits you with a +0 short sword.
You hit the kobold but do no damage.
The kobold is moderately wounded.
The kobold completely misses you.
You closely miss the kobold.
The kobold is moderately wounded.
The kobold hits you with a +0 short sword.
There is an open door here.
The kobold hits you with a +0 short sword.
* * * LOW HITPOINT WARNING * * *
There is a stone staircase leading down here.
The kobold hits you with a +0 short sword.
* * * LOW HITPOINT WARNING * * *
You climb downwards.
Found a glowing orb.
There is a stone staircase leading up here.
Found a hand axe.
As you read the scroll labelled ZEQURCHO TECOT, it crumbles to dust.
It is a scroll of amnesia.
You feel forgetful for a moment. The kobold misses you.
Found a white potion.
Okay, then.
The kobold completely misses you.
You see here a white potion.
e - a white potion The kobold hits you with a +0 short sword.
You die...

#.# #####.#
..[...#### ...
#........####..#
)##.###.......#
#<# ##......#
#....# #...###
...### #..K# ##.
#..@# # #...#
#.... #...#.
.......


You could see a kobold.

Vanquished Creatures
  A hobgoblin (D:1)
  A quokka (D:1)
  2 ball pythons (D:1)
  A kobold (D:1)
  A rat (D:1)
6 creatures vanquished.

Vanquished Creatures (others)
  6 plants (D:1)
6 creatures vanquished.

Grand Total: 12 creatures vanquished

Notes
Turn   | Place    | Note
-------+----------+-------------------------------------------
     0 | D:1      | NoSkeletonsAllowed the Kobold Berserker began the quest for
                  | the Orb.
     0 | D:1      | Reached XP level 1. HP: 14/14 MP: 1/1
   634 | D:2      | Slain by a kobold

Illustrated notes

Levels and vault maps discovered:
D:1:      giann_bridges, layout_basic, serial_glass, glass_columns_a,
          glass_columns_c, ebering_ecumenical_altar_webs
D:2:      layout_loops_cross, minmay_door_square

Action                   || total
-------------------------++-------
Melee: Short sword       ||    51
       Punch             ||     2
Throw: Stone             ||     9
  Use: Scroll            ||     1
Armor: Animal skin       ||     4
Dodge: Dodged            ||    19
